Map: Catalyst LE

Players

OmaMorkie - Winner!

  • Race: Zerg Zerg
  • League: Diamond
  • Spawn Location: 11:00

Dindonneau

  • Race: Terran Terran
  • League: Platinum
  • Spawn Location: 5:00

VOD

Have the link to the VOD?

Description

Time

  • Played on: Dec. 26, 2017, 7:56 p.m.
  • Length: 31:36
Show
View Real Time Build Order
Export as new Build Order

OmaMorkie Zerg - Winner!

Build Orders: Hatch First 

Get SALT Encoding   

  12  0:01  Drone  
  13  0:15  Overlord  
  13  0:17  Drone  
  14  0:33  Drone  
  14  0:34  Drone  
  16  0:39  Drone  
  17  0:56  Hatchery  
  16  1:10  Spawning Pool  
  15  1:13  Drone  
  15  1:17  Drone  
  17  1:21  Drone  
  17  1:25  Extractor  
  17  1:26  Drone  
  18  1:33  Extractor  
  18  1:35  Drone  
  18  1:51  Overlord  
  18  1:59  Roach Warren  
  17  2:11  Zergling x2  
  17  2:13  Drone  
  17  2:15  Queen  
  21  2:16  Drone  
  22  2:26  Drone  
  23  2:39  Drone x2  
  23  2:43  Spine Crawler  
  23  2:44  Drone  
  25  2:50  Roach  
  27  2:57  Roach  
  29  3:05  Roach  
  29  3:07  Roach  
  33  3:23  Ravager x2  
  35  3:29  Ravager  
  35  3:32  Overlord x2  
  36  3:36  Lair  
  36  4:09  Zergling x4  
  38  4:11  Roach  
  38  4:13  Hatchery  
  39  4:17  Spore Crawler  
  38  4:37  Spore Crawler  
  37  4:39  Roach  
  37  4:40  Drone  
  37  4:42  Hatchery, Ravager  
  40  4:47  Overseer  
  40  5:01  Overlord  
  40  5:07  Drone x3  
  44  5:28  Drone x2  
  44  5:29  Queen  
  47  5:43  Infestation Pit  
  47  5:44  Ravager  
  47  5:45  Ravager  
  47  5:48  Queen  
  50  6:13  Queen  
  52  6:19  Drone x7  
  59  6:27  Drone x2  
  59  6:29  Drone  
  63  6:32  Drone  
  63  6:50  Infestor x2, Roach  
  69  6:54  Zergling x6  
  69  6:56  Overlord  
  72  7:22  Drone x6  
  75  7:23  Drone x4  
  79  7:30  Pathogen Glands  
  79  7:33  Metabolic Boost  
  79  7:55  Zergling x2  
  80  7:58  Overlord  
  80  7:59  Baneling Nest, Overlord x4  
  79  8:11  Overlord x2  
  79  8:21  Roach x5  
  88  8:43  Drone x7  
  88  8:45  Zergling x2  
  88  8:46  Zergling x4  
  88  8:47  Baneling x8  
  98  8:59  Extractor  
  98  9:01  Extractor  
  96  9:04  Zergling x16  
  96  9:07  Ravager  
  96  9:08  Ravager  
  106  9:15  Burrow  
  106  9:22  Zergling x2  
  106  9:23  Zergling x14  
  114  9:29  Evolution Chamber  
  114  9:30  Zergling x2  
  114  9:31  Zergling x2  
  115  9:32  Evolution Chamber  
  114  9:39  Baneling  
  114  9:40  Baneling x2  
  103  10:00  Zerg Melee Weapons Level 1  
  103  10:02  Zerg Ground Armor Level 1  
  103  10:04  Baneling x2  
  103  10:05  Baneling x3  
  103  10:06  Drone x7  
  103  10:07  Drone x5  
  115  10:09  Extractor  
  115  10:10  Extractor  
  113  10:28  Infestor, Hatchery  
  114  10:39  Zergling x2  
  114  10:40  Zergling x12  
  114  10:42  Overlord x4  
  121  10:53  Overlord  
  121  10:59  Queen x2  
  121  11:00  Queen  
  127  11:12  Overseer  
  127  11:14  Overseer x2  
  127  11:19  Zergling x24  
  139  11:40  Lair  
  139  11:42  Zergling x6  
  139  11:43  Zergling x10  
  147  12:06  Zergling x2  
  147  12:07  Zergling x16  
  156  12:14  Drone x3, Queen  
  161  12:16  Drone x3  
  161  12:22  Overseer  
  162  13:09  Infestor  
  162  13:10  Infestor  
  162  13:12  Overlord x18  
  166  13:27  Hatchery  
  165  13:34  Infestor x6  
  165  13:38  Overseer  
  165  13:39  Zerg Melee Weapons Level 2  
  177  13:43  Hive  
  177  13:49  Zerg Ground Armor Level 2  
  173  14:12  Infestor x8  
  189  14:17  Neural Parasite  
  189  14:25  Drone x8  
  197  14:42  Extractor  
  197  14:44  Extractor  
  195  15:01  Hatchery  
  195  15:05  Viper  
  197  15:09  Adrenal Glands  
  197  15:13  Centrifical Hooks  
  197  15:14  Glial Reconstitution  
  197  15:26  Ultralisk Cavern  
  196  16:16  Zerg Missile Weapons Level 1, Zerg Melee Weapons Level 3  
  196  16:18  Viper  
  199  16:26  Baneling x6  
  199  16:27  Baneling  
  199  16:33  Tunneling Claws  
  199  16:52  Extractor  
  198  16:55  Extractor  
  188  17:44  Pneumatized Carapace  
  188  17:47  Viper  
  188  17:48  Viper x2  
  197  17:53  Baneling x25  
  197  17:54  Chitinous Plating  
  183  18:03  Queen  
  185  18:07  Zergling x16  
  185  18:08  Zergling x12  
  176  18:34  Baneling  
  176  18:35  Baneling x21  
  176  18:36  Baneling x7  
  176  18:37  Baneling  
  176  18:38  Baneling x5  
  176  18:40  Zergling x6  
  176  18:41  Zergling x46  
  199  18:53  Zerg Ground Armor Level 3  
  176  19:09  Zergling x36  
  192  19:10  Zergling x12  
  184  19:26  Zergling x10  
  157  19:41  Ultralisk  
  157  19:43  Ultralisk  
  157  19:44  Ultralisk x2  
  144  19:57  Zerg Missile Weapons Level 2  
  136  20:04  Infestor  
  136  20:05  Infestor  
  130  21:04  Infestor x5  
  135  22:13  Infestor  
  135  22:14  Infestor x6  
  149  22:36  Infestor  
  142  23:40  Infestor  
  142  23:51  Infestor  
  140  24:34  Infestor  
  140  24:35  Infestor x14  
  164  24:39  Zergling x26  
  177  25:05  Drone x3, Hatchery  
  119  26:18  Zergling x2, Ultralisk x4  
  143  26:19  Zergling x26  
  157  26:29  Drone x3  
  160  26:55  Spine Crawler, Drone x5  
  160  26:58  Hatchery  
  161  27:14  Baneling x4  
  161  27:18  Zergling x16  
  161  27:19  Zergling x20  
  179  27:23  Zerg Missile Weapons Level 3  
  176  28:04  Viper x2  
  176  28:10  Zergling x32  
  188  28:36  Drone x6  
  188  28:38  Queen  
  195  29:13  Queen  
  197  29:23  Spine Crawler  
  197  29:24  Spine Crawler x2  
  195  29:25  Spine Crawler  
  195  29:26  Spine Crawler  
  195  29:29  Spine Crawler  
  191  29:52  Infestor, Viper x2  
  199  30:05  Extractor  
  198  30:07  Extractor  
  197  30:19  Infestor x14  
  197  30:31  Queen  
Show
View Real Time Build Order
Export as new Build Order

Dindonneau Terran 

Build Orders:  

Get SALT Encoding   

  12  0:02  SCV  
  13  0:14  SCV  
  13  0:19  Supply Depot  
  14  0:27  SCV  
  15  0:30  Refinery  
  15  0:41  SCV  
  16  0:48  Barracks  
  16  0:53  SCV  
  17  1:05  SCV  
  18  1:17  SCV  
  19  1:29  SCV  
  20  1:34  Engineering Bay  
  20  1:44  Orbital Command  
  20  1:58  Command Center  
  20  2:09  Marine  
  20  2:12  Supply Depot  
  21  2:23  Factory  
  21  2:28  Refinery  
  21  2:33  SCV  
  21  2:35  Barracks Tech Lab  
  22  2:42  Bunker  
  22  2:45  SCV  
  22  2:47  Barracks Tech Lab  
  23  2:57  SCV  
  24  3:12  Barracks  
  24  3:14  Barracks  
  24  3:17  Siege Tank  
  27  3:20  Marine  
  27  3:24  Supply Depot  
  28  3:38  SCV  
  29  3:43  Command Center  
  29  3:50  SCV  
  30  4:00  Siege Tank  
  30  4:02  Marine x3  
  36  4:09  SCV  
  37  4:19  Marine  
  37  4:21  SCV  
  37  4:23  Barracks Tech Lab  
  37  4:24  Barracks Reactor  
  39  4:29  Starport  
  39  4:44  Supply Depot  
  39  4:48  Supply Depot  
  39  4:54  Marine x2, SCV  
  39  4:57  Orbital Command  
  39  4:59  Stimpack  
  42  5:00  Marine  
  42  5:01  Marine  
  42  5:07  SCV  
  45  5:12  Marine x2  
  47  5:18  Marine x2  
  49  5:22  SCV  
  50  5:30  Marine x2  
  50  5:33  Supply Depot  
  50  5:34  SCV  
  53  5:36  Marine x2, Supply Depot  
  53  5:41  Siege Tank  
  58  5:44  Starport Reactor  
  58  5:48  Marine x2, SCV  
  61  6:00  SCV  
  62  6:07  Marine  
  62  6:08  Marine x2  
  65  6:16  Siege Tank  
  68  6:18  Marine  
  68  6:20  SCV  
  68  6:23  Supply Depot  
  68  6:24  Medivac x2  
  74  6:25  Marine x2  
  74  6:32  SCV  
  69  7:19  SCV  
  69  7:22  Siege Tank  
  73  7:24  Marine x4  
  73  7:26  Medivac x2  
  81  7:31  SCV  
  82  7:42  Marine x2  
  86  7:50  Supply Depot  
  86  7:51  Supply Depot x2  
  86  8:03  Marine x2  
  86  8:11  Marine x2  
  86  8:12  Orbital Command, SCV  
  89  8:21  Marine x2  
  91  8:29  Siege Tank  
  94  8:51  Marine x4  
  94  8:54  SCV x2  
  100  8:58  Refinery  
  100  9:05  Refinery  
  100  9:06  SCV x2  
  100  9:08  Marine  
  100  9:09  Marine x3  
  106  9:16  Engineering Bay  
  105  9:17  Armory  
  105  9:26  Marine  
  105  9:27  Marine x3  
  105  9:52  Marine x3, Marauder  
  106  9:53  SCV  
  106  9:54  SCV  
  110  10:16  Marine x2  
  110  10:17  Marauder  
  110  10:18  Supply Depot  
  110  10:20  SCV x2, Supply Depot  
  102  10:23  Command Center, Supply Depot x2  
  102  10:38  Starport  
  102  10:43  Terran Infantry Weapons Level 1  
  102  10:46  Terran Vehicle Weapons Level 1  
  102  10:50  Engineering Bay  
  102  11:02  Siege Tank  
  105  11:07  Combat Shields  
  105  11:09  Marine  
  105  11:10  Marine x2, Marauder  
  105  11:11  Factory  
  110  11:14  Factory  
  110  11:16  Supply Depot  
  110  11:17  Terran Infantry Armor Level 1  
  110  11:19  Starport Tech Lab  
  110  11:27  Marine x2  
  110  11:30  SCV x2  
  114  11:39  Supply Depot  
  114  11:42  Raven, SCV x2  
  100  11:47  Orbital Command  
  118  11:54  SCV x2  
  118  11:55  Factory Tech Lab  
  118  11:58  Factory Tech Lab  
  120  12:05  Marine x2  
  120  12:06  Marine x2, SCV  
  125  12:12  Hellion  
  125  12:13  Infernal Pre-Igniter  
  127  12:19  Cyclone x2  
  133  12:23  Marine x2  
  126  12:47  Missile Turret x3  
  126  12:51  Missile Turret  
  126  13:07  Marine  
  126  13:08  Marine x3  
  126  13:09  SCV x2  
  132  13:17  Siege Tank  
  135  13:21  SCV  
  135  13:25  Marine  
  135  13:26  Marine x3  
  144  13:34  Hellion x2  
  144  13:43  Marine x2  
  144  13:44  Marine x2  
  148  13:49  Hellion  
  154  13:55  Hellion x2  
  154  14:01  Marine x4  
  154  14:10  Hellion  
  156  14:19  Marine x2  
  158  14:26  Orbital Command  
  158  14:35  Terran Infantry Weapons Level 2  
  158  14:36  Terran Infantry Armor Level 2  
  158  14:37  Terran Vehicle Weapons Level 2  
  158  14:38  Medivac  
  158  14:42  Medivac x2  
  164  15:08  Medivac, Supply Depot x2  
  164  15:10  Supply Depot  
  164  15:12  Supply Depot  
  166  15:26  Refinery  
  166  15:38  Medivac  
  166  15:41  Hellion  
  166  15:42  Hellion x2, SCV  
  175  15:52  Supply Depot x2  
  175  16:03  Hellion x3  
  168  16:24  Hellion x3  
  168  16:25  Raven  
  173  16:32  Missile Turret  
  173  16:44  Command Center  
  173  17:00  Hellion x3  
  171  17:21  Hellion x3  
  177  17:42  Hellion  
  177  17:43  Hellion x2  
  183  18:02  Orbital Command  
  183  18:04  Hellion x3  
  189  18:07  SCV x2  
  189  18:12  Refinery  
  191  18:19  SCV x2  
  193  18:26  Marine x4  
  132  18:31  SCV  
  133  18:44  Marine  
  121  18:59  Banshee  
  92  19:42  Banshee  
  79  19:54  SCV x3  
  79  19:56  Marine x4  
  72  20:06  SCV x3  
  74  20:14  Marine  
  49  21:03  Siege Tank x3  
  58  21:05  SCV x2  
  60  21:17  SCV x2  
  62  21:29  SCV x2  
  64  21:35  Hellion  
  64  21:36  Hellion x2  
  67  21:57  Hellion  
  66  22:08  Missile Turret  
  66  22:10  Siege Tank  
  66  22:11  Missile Turret, Siege Tank  
  66  22:13  Medivac x3  
  66  22:15  SCV  
  79  22:18  Siege Tank  
  82  22:43  Raven, Viking x2  
  88  22:44  Siege Tank  
  88  22:45  Siege Tank  
  94  23:13  Viking x2  
  96  23:34  Viking  
  98  23:43  Viking x2  
  98  23:47  Command Center  
  84  24:37  Siege Tank x2  
  90  24:39  Hellion  
  92  25:00  Hellion  
  94  25:10  Hellion x2  
  53  26:14  Hellion x3  
  53  26:18  Orbital Command  
  52  26:35  Hellion  
  52  26:36  Hellion x2  
  58  26:43  Marine  
  58  26:44  Marine x3  
  62  26:50  Raven  
  64  26:57  Hellion x3  
  70  27:01  Marine x2  
  70  27:02  Marine x2  
  70  27:04  Refinery  
  74  27:39  SCV x2  
  76  27:45  Siege Tank  
  76  27:47  Hellion x2, Unknown  
  83  27:51  Marine x2, SCV  
  83  27:52  Orbital Command, SCV  
  87  28:03  SCV  
  76  28:08  Hellion  
  78  28:25  SCV x2  
  66  28:37  SCV  
  66  28:38  SCV  
  67  28:41  Siege Tank x2  
  64  29:23  Command Center  
Tags
 
Add a new tag
Caveats
  • Supply blocks, unpowered buildings, or Contaminate may cause inaccurate times.
  • Supply counts are checked every 10 seconds.